 Dungeon Crawl Stone Soup version 0.30.1-11-g7821555f0a (webtiles) character file.

Game seed: 10694002478880685670

1085 fireball365 the Cleaver (level 8, -10/70 HPs)
             Began as a Hill Orc Fighter on Dec 27, 2023.
             Was an Initiate of Gozag.
             Mangled by a sun demon (15 damage)
             ... summoned by a kobold demonologist
             ... on level 6 of the Dungeon.
             The game lasted 00:10:39 (4998 turns).

fireball365 the Cleaver (Hill Orc Fighter)          Turns: 4998, Time: 00:10:39

Health: -10/70     AC: 10    Str: 21    XL:     8   Next: 30%
Magic:  0/17       EV: 10    Int:  8    God:    Gozag
Gold:   363        SH:  4    Dex: 10    Spells: 7/7 levels left

rFire   . . .        a - +0 war axe
rCold   . . .        c - +0 buckler
rNeg    . . .        b - +0 scale mail
rPois   .            (no helmet)
rElec   .            y - +0 cloak
rCorr   .            (no gloves)
SInv    .            m - +0 pair of boots
Will    .....        f - amulet of guardian spirit Stlth
                     i - ring of magical power
HPRegen 0.31/turn    (no ring)
MPRegen 0.15/turn

%: guardian spirit
@: no status effects
A: no striking features
a: Renounce Religion, Potion Petition, Call Merchant, Bribe Branch


You were on level 6 of the Dungeon.
You worshipped Gozag.
Gozag was aware of your devotion.
You visited 2 branches of the dungeon, and saw 7 of its levels.

You collected 429 gold pieces.
You paid 66 gold pieces to Gozag.

Inventory:

Hand Weapons
 a - a +0 war axe (weapon)
Missiles
 h - 5 curare-tipped darts (quivered)
 x - 10 poisoned darts
Armour
 b - a +0 scale mail (worn)
 c - a +0 buckler (worn)
 m - a +0 pair of boots (worn)
 y - a +0 cloak (worn)
Jewellery
 f - an amulet of guardian spirit (around neck)
 g - an amulet of magic regeneration
 i - a ring of magical power (left hand)
 t - a ring of see invisible
Wands
 k - a wand of digging (5)
 s - a wand of polymorph (7)
 u - a wand of paralysis (3)
Scrolls
 e - 3 scrolls of vulnerability
 o - 5 scrolls of identify
 q - a scroll of fog
 v - a scroll of fear {unknown}
 w - a scroll of enchant weapon {unknown}
Potions
 d - 5 potions of might
 j - 3 potions of flight
 l - 3 potions of curing {unknown}
 n - 4 potions of attraction
 p - a potion of heal wounds
 r - 2 potions of berserk rage {unknown}


   Skills:
 + Level 5.6 Fighting
 + Level 8.3 Axes
 + Level 6.3 Armour
 + Level 1.7 Dodging
 + Level 0.5 Stealth
 + Level 4.5 Shields
 + Level 0.3 Evocations


You had 7 spell levels left.
You didn't know any spells.
Your spell library contained the following spells:

 Spells                   Type           Power      Damage    Failure   Level
 Slow                     Hex            0%         N/A       80%         1
 Lesser Beckoning         Tloc           0%         N/A       90%         2
 Scorch                   Fire           0%         2d5       90%         2
 Confusing Touch          Hex            0%         N/A       99%         3
 Gell's Gravitas          Tloc           0%         N/A       99%         3
 Teleport Other           Tloc           0%         N/A       99%         3
 Vampiric Draining        Necr           0%         2d6       99%         3
 Cause Fear               Hex            0%         N/A       100%        4
 Flame Wave               Conj/Fire      0%         2d4       100%        4
 Dispersal                Tloc           0%         N/A       100%        6
 Summon Cactus Giant      Summ           0%         N/A       100%        6
 Dragon Form              Tmut           0%         N/A       100%        7
 Dragon's Call            Summ           0%         N/A       100%        9


Dungeon Overview and Level Annotations

Branches:
Dungeon (6/15)             Temple (1/1) D:4

Altars:
Dithmenos
Elyvilon
Fedhas
Gozag
Hepliaklqana
Kikubaaqudgha
Makhleb
Okawaru
Sif Muna
Trog
Wu Jian
Xom
Yredelemnul
Zin
The Shining One

Annotations:
D:4 fireball365's ghost, amateur HOFi


Message History

The kobold demonologist is distracted by your dazzling golden aura.
The kobold demonologist shouts!
You closely miss something.
The gnoll shouts!
You hit the sun demon.
You closely miss the kobold demonologist.
The kobold demonologist is no longer distracted by gold.
You slash the white imp!
You kill the white imp!
The white imp disappears in a puff of smoke!
The gnoll is no longer distracted by gold.
The ogre is no longer distracted by gold.
The sun demon hits you.
You are engulfed in flames!
The kobold demonologist barely misses you.
You hear some strange, mumbled words.
A magic dart appears from out of thin air!
The magic dart hits you.
You barely miss something. You hit the gnoll bouda.
You hit the sun demon but do no damage.
You hit the kobold demonologist but do no damage.
The sun demon barely misses you. You block the gnoll bouda's attack.
The sun demon barely misses you. Something hits you but does no damage.
The kobold demonologist hits you but does no damage.
Unknown command.
You barely miss something. You hit the gnoll bouda. You hit the sun demon.
You closely miss the kobold demonologist.
The orange demon is no longer distracted by gold.
The gnoll is no longer distracted by gold.
You block the gnoll's attack. The sun demon hits you.
You are engulfed in flames!!
* * * LOW HITPOINT WARNING * * *
The gnoll bouda hits you with a +2 vampiric whip.
* * * LOW HITPOINT WARNING * * *
Something hits you but does no damage.
The kobold demonologist hits you but does no damage.
You block the orange demon's attack. The gnoll barely misses you.
You hit something. You hit the gnoll bouda. You closely miss the sun demon.
You hit the kobold demonologist. The sun demon hits you!
You die...
Your body crumbles into a pile of gold.

.... 8... ..#
8..# #.# ...
##+##.###.###
#...........#
#......g....#..
+......4g....⌠.
#...g3Kgh...#.^
##.##@###...# #
#{# ...# .O.
..... $ ....#
..... .##..#
.#### .. #..#
#. #..# $ ...#


You could see a sun demon (summoned), an orange demon (summoned), a kobold
demonologist, an ogre, a gnoll bouda, a hound and 3 gnolls.

Vanquished Creatures
  Edmund (D:4)
  A black bear (D:5)
  An ice beast (D:5)
  A sky beast (D:5)
  2 scorpions (D:5)
  A howler monkey (D:4)
  A bullfrog zombie (D:4)
  6 hounds
  A centaur skeleton (D:4)
  A gnoll bouda (D:5)
  Jessica (D:2)
  A sleepcap (D:5)
  Ijyb (D:4)
  4 gnolls (D:5)
  7 adders
  A white imp (D:3)
  A worm (D:3)
  3 dart slugs
  5 orcs (D:6)
  8 endoplasms
  A giant cockroach (D:4)
  7 goblins
  5 hobgoblins
  7 kobolds
  4 quokkas
  2 ball pythons (D:1)
  4 bats
  7 frilled lizards
  A goblin skeleton (D:3)
  A goblin zombie (D:3)
  2 hobgoblin zombies (D:3)
  2 kobold skeletons (D:3)
  A kobold zombie (D:3)
  An orc skeleton (D:3)
  2 orc zombies (D:3)
  4 rats
99 creatures vanquished.

Notes
Turn   | Place    | Note
-------+----------+-------------------------------------------
     0 | D:1      | fireball365 the Hill Orc Fighter began the quest for the
                  | Orb.
     0 | D:1      | Reached XP level 1. HP: 19/19 MP: 1/1
     6 | D:1      | Noticed an eight-headed hydra
    15 | D:1      | Noticed a four-headed hydra
   162 | D:1      | Reached XP level 2. HP: 27/27 MP: 2/2
   829 | D:1      | Reached XP level 3. HP: 33/33 MP: 3/3
  1035 | D:2      | Reached skill level 3 in Axes
  1494 | D:2      | Noticed Jessica
  1505 | D:2      | Killed Jessica
  1506 | D:2      | Reached XP level 4. HP: 24/40 MP: 4/4
  2324 | D:3      | Found a glowing golden altar of the Shining One.
  2336 | D:3      | Reached skill level 4 in Axes
  2406 | D:3      | Reached XP level 5. HP: 45/46 MP: 5/5
  2626 | D:3      | Found a faded altar of an unknown god.
  3219 | D:4      | Noticed Edmund
  3246 | D:4      | Killed Edmund
  3247 | D:4      | Reached skill level 5 in Axes
  3247 | D:4      | Reached XP level 6. HP: 16/53 MP: 3/6
  3497 | D:4      | Noticed Ijyb
  3499 | D:4      | Paralysed by Ijyb for 3 turns
  3503 | D:4      | Paralysed by Ijyb for 3 turns
  3509 | D:4      | Paralysed by Ijyb for 3 turns
  3516 | D:4      | Killed Ijyb
  3544 | D:4      | Found a staircase to the Ecumenical Temple.
  3556 | D:4      | Reached skill level 5 in Armour
  3556 | D:4      | Reached skill level 1 in Dodging
  3562 | Temple   | Entered the Ecumenical Temple
  3624 | Temple   | Became a worshipper of Gozag Ym Sagoz the Greedy
  3686 | D:4      | Found a transporter.
  3691 | D:4      | Noticed fireball365's ghost (amateur HOFi)
  3712 | D:4      | Found a transporter.
  3727 | D:4      | Reached skill level 6 in Axes
  3945 | D:5      | Entered Level 5 of the Dungeon
  3982 | D:5      | Reached XP level 7. HP: 59/60 MP: 7/7
  4055 | D:5      | Identified the +3 war axe "Locsoh" {flame, Str+2 SInv}
  4084 | D:5      | Reached skill level 5 in Fighting
  4125 | D:5      | Reached skill level 7 in Axes
  4447 | D:5      | Reached XP level 8. HP: 26/69 MP: 8/8
  4885 | D:5      | Reached skill level 8 in Axes
  4972 | D:6      | Noticed a kobold demonologist
  4980 | D:6      | Noticed an orange demon
  4993 | D:6      | Noticed a sun demon
  4998 | D:6      | Mangled by a sun demon

Illustrated notes

Levels and vault maps discovered:
D:1:      sevenhm_arrival_forest_fort_small_2, layout_loops_ring
D:2:      layout_basic, serial_corexii_hall, chequers_hall_statues_wall_a,
          corexii_hall_statues_s, uniq_jessica
D:3:      layout_loops_ring, nicolae_tso_besieged_by_evil,
          basic_ecumenical_altar, minmay_hedge_maze
D:4:      layout_loops_ring, minmay_temple_entry_junction,
          gammafunk_ghost_mausoleum, kennysheep_generic_room_13, uniq_ijyb,
          uniq_edmund
D:5:      layout_basic, kennysheep_generic_room_9
D:6:      minmay_diamond_boxcup, layout_gridville, small_statue_alley_b,
          minmay_chambers_of_fives
Temple:   nicolae_temple_superstar

Skill      XL: |  1  2  3  4  5  6  7  8 |
---------------+-------------------------+-----
Axes           | 3 4 5 6 7 8 |  8.3
Fighting       | 4 5 |  5.6
Armour         | 4 5 6 |  6.3
Dodging        | 1 |  1.7
Shields        | 4 |  4.5
Stealth        | |  0.5
Evocations     | |  0.3

Action                     |  1- 3 |  4- 6 |  7- 9 || total
---------------------------+-------+-------+-------++-------
  Melee: War axe           |   100 |   137 |   108 ||   345
  Evoke: Wand              |       |     5 |       ||     5
    Use: Potion            |     1 |     1 |       ||     2
         Scroll            |     3 |     2 |       ||     5
 Armour: Scale mail        |    49 |    87 |    85 ||   221
  Dodge: Dodged            |    59 |    96 |    57 ||   212
  Block: Buckler           |    17 |    44 |    26 ||    87
